 Dungeon Crawl Stone Soup version 0.31-a0-986-g5e6e4ef867 (webtiles) character file.

Game seed: 12435784658586569243

5639 jasper the Severer (level 11, -7/89 HPs)
             Began as a Meteoran Fighter on Nov 10, 2023.
             Mangled by a purple ugly thing (8 damage)
             ... on level 10 of the Dungeon.
             The game lasted 00:09:48 (2870 turns).

jasper the Severer (Meteoran Fighter)               Turns: 2870, Time: 00:09:49

Health: -7/89      AC:  5    Str: 22    XL:     11   Next: 23%
Magic:  12/12      EV:  8    Int: 10    God:
Gold:   232        SH:  6    Dex: 14    Spells: 10/10 levels left

rFire   . . .        a - +1 war axe
rCold   . . .        c - +1 buckler
rNeg    . . .        o - +0 plate armour {Will+}
rPois   .            l - +0 helmet
rElec   .            (no cloak)
rCorr   .            (no gloves)
SInv    .            (no boots)
Will    ++...        (no amulet) Stlth
                     (no ring)
HPRegen 0.34/turn    (no ring)
MPRegen 0.13/turn

%: no passive effects
@: corroded, glowing
A: sense surroundings 2, otherworldly, glowing, explore regen
a: no special abilities


You were on level 10 of the Dungeon.
You visited 1 branch of the dungeon, and saw 10 of its levels.

You collected 482 gold pieces.
You spent 250 gold pieces at shops.

Inventory:

Hand Weapons
 a - a +1 war axe (weapon)
 d - a +1 mace of holy wrath
 e - a +0 short sword
 m - a +8 club
Missiles
 h - 21 poisoned darts
 i - 2 curare-tipped darts
 k - 6 boomerangs
 t - a throwing net
Armour
 b - a +0 scale mail
 c - a +1 buckler (worn)
 g - the +0 ring mail of the Gate {Rampage Will+++ Int-2 Slay+3}
   (You found it on level 3 of the Dungeon)

   Int-2:     It affects your intelligence (-2).
   Slay+3:    It affects your accuracy & damage with ranged weapons and melee
   (+3).
   Will+++:   It greatly increases your willpower.
   Rampage:   It bestows one free step when moving towards enemies.
 l - a +0 helmet (worn)
 o - a +0 plate armour of willpower (worn)
 u - +1 steam dragon scales
Jewellery
 s - an amulet of magic regeneration
Wands
 p - a wand of polymorph (6)
Scrolls
 j - 2 scrolls of identify
 n - a scroll of poison
 q - a scroll of enchant armour
 r - 2 scrolls of enchant weapon
Potions
 f - a potion of attraction


   Skills:
 + Level 5.8 Fighting
 - Level 16.0 Axes
 + Level 5.6 Armour
 + Level 4.3 Dodging
 - Level 4.5 Shields


You had 10 spell levels left.
You didn't know any spells.
Your spell library contained the following spells:

 Spells                   Type           Power      Damage    Failure   Level
 Freeze                   Ice            0%         1d3       100%        1
 Frozen Ramparts          Ice            0%         1d1       100%        3
 Hailstorm                Conj/Ice       0%         3d3       100%        3
 Animate Armour           Summ/Erth      0%         N/A       100%        4
 Summon Lightning Spire   Summ/Air       0%         N/A       100%        4
 Lee's Rapid Deconstruct  Erth           0%         3d4*      100%        5


Dungeon Overview and Level Annotations

Branches:
Dungeon (10/15) Zot: 3130    Lair (0/5) D:9             Orc (0/2) D:10
 Temple: D:4-7

Altars:

Shops:
D:6 *[   D:7 ::


Innate Abilities, Weirdness & Mutations

You passively map the area around you.
You are easily found by Zot.
You glow in the dark.
You regain HP and MP as you explore.


Message History

You closely miss the purple ugly thing.
The purple ugly thing is moderately wounded.
You block the purple ugly thing's attack.
You hit the purple ugly thing but do no damage.
The purple ugly thing is moderately wounded.
You barely miss the purple ugly thing.
The purple ugly thing is moderately wounded.
The purple ugly thing barely misses you.
You hit the purple ugly thing but do no damage.
The purple ugly thing is moderately wounded.
The purple ugly thing claws you but does no damage.
You hit the purple ugly thing but do no damage.
The purple ugly thing is moderately wounded.
You barely miss the purple ugly thing.
The purple ugly thing is moderately wounded.
The purple ugly thing barely misses you.
You barely miss the purple ugly thing.
The purple ugly thing is moderately wounded.
The purple ugly thing claws you but does no damage.
You hit the purple ugly thing but do no damage.
The purple ugly thing is moderately wounded.
The purple ugly thing claws you.
* * * LOW HITPOINT WARNING * * *
You take 4 damage, and have 4/89 hp.
You hit the purple ugly thing but do no damage.
The purple ugly thing is moderately wounded.
The purple ugly thing claws you.
* * * LOW HITPOINT WARNING * * *
You take 2 damage, and have 2/89 hp.
You barely miss the purple ugly thing.
The purple ugly thing is moderately wounded.
You closely miss the purple ugly thing.
The purple ugly thing is moderately wounded.
The purple ugly thing claws you.
* * * LOW HITPOINT WARNING * * *
You take 1 damage, and have 1/89 hp.
You barely miss the purple ugly thing.
The purple ugly thing is moderately wounded.
The purple ugly thing claws you!
You die...

#.#...........#
#.#.#########.# * #.#.#
#.# #.#.# #.# * ,,...
#.#.# #.# , .. ,#...#
#.# *#.. #############.#
* #.. #.............# ,,
#.u.#@#........##### ,
#...#u#.####.......#
#...'.#.# #.......# * *
#####.#.# #.....^.#
######.#.# #.......#
#......#.# #.......###
#.######.####.........#
#.......>.รท.)).........
##########..)).........


You could see a purple ugly thing.

Vanquished Creatures
  A two-headed ogre (D:9)
  A tengu warrior (D:10)
  An ugly thing (D:10)
  A manticore (D:10)
  Maggie (D:9)
  A hornet (D:7)
  A slime creature (D:10)
  Grinder (D:5)
  Sigmund (D:5)
  A wraith (D:10)
  A water moccasin (D:7)
  3 ice beasts
  4 orc warriors
  A sky beast (D:7)
  2 centaurs
  2 phantoms (D:4)
  The ghost of Frenzy the Chiller, an amateur DsIE (D:4)
  A kobold brigand (D:7)
  A bullfrog (D:7)
  2 scorpions (D:5)
  A wight (D:9)
  6 killer bees
  7 howler monkeys
  3 orc priests
  2 gnoll boudas
  2 hounds
  A jelly (D:6)
  A sleepcap (D:8)
  Terence (D:2)
  4 orc wizards (D:8)
  Robin (D:4)
  6 gnolls
  5 adders
  2 shadow imps
  A white imp (D:8)
  A worm (D:4)
  2 dart slugs
  12 orcs
  A giant cockroach (D:3)
  10 goblins
  6 hobgoblins
  2 jackals (D:3)
  2 ball pythons (D:3)
  11 kobolds
  2 rats
120 creatures vanquished.

Notes
Turn   | Place    | Note
-------+----------+-------------------------------------------
     0 | D:1      | jasper the Meteoran Fighter began the quest for the Orb.
     0 | D:1      | Reached XP level 1. HP: 19/19 MP: 2/2
   182 | D:2      | Reached skill level 3 in Axes
   182 | D:2      | Reached XP level 2. HP: 26/26 MP: 3/3
   187 | D:2      | Noticed Terence
   200 | D:2      | Killed Terence
   201 | D:2      | Reached skill level 4 in Axes
   201 | D:2      | Reached XP level 3. HP: 30/31 MP: 4/4
   380 | D:3      | Identified the +0 ring mail of the Gate {Rampage Will+++
                  | Int-2 Slay+3}
   406 | D:3      | Reached XP level 4. HP: 38/38 MP: 5/5
   472 | D:3      | Reached skill level 5 in Axes
   606 | D:4      | Reached XP level 5. HP: 38/45 MP: 6/6
   646 | D:4      | Found a runed translucent gate.
   650 | D:4      | Found a runed translucent gate.
   651 | D:4      | Found a runed translucent gate.
   651 | D:4      | Noticed Frenzy's ghost (amateur DsIE)
   651 | D:4      | Noticed an ice beast
   653 | D:4      | Noticed a phantom
   658 | D:4      | Noticed Robin
   668 | D:4      | Reached skill level 6 in Axes
   668 | D:4      | Killed Robin
   701 | D:4      | Noticed a phantom
   721 | D:4      | Killed a phantom
   722 | D:4      | Reached skill level 7 in Axes
   722 | D:4      | Reached XP level 6. HP: 34/51 MP: 7/7
   754 | D:4      | Killed an ice beast
   761 | D:4      | Reached skill level 8 in Axes
   761 | D:4      | Reached XP level 7. HP: 27/57 MP: 8/8
   769 | D:4      | Killed Frenzy's ghost
   800 | D:5      | Entered Level 5 of the Dungeon
   830 | D:5      | Reached skill level 9 in Axes
   895 | D:5      | You fall into a shaft and drop 3 floors!
   966 | D:8      | Reached XP level 8. HP: 27/63 MP: 9/9
   969 | D:8      | Reached skill level 10 in Axes
  1080 | D:7      | Reached skill level 11 in Axes
  1145 | D:5      | Gained mutation: You passively map the area around you.
                  | [Meteoran growth]
  1145 | D:5      | Reached XP level 9. HP: 63/70 MP: 10/10
  1214 | D:5      | Reached skill level 12 in Axes
  1280 | D:5      | Noticed Grinder
  1293 | D:5      | Killed Grinder
  1400 | D:5      | Noticed Sigmund
  1406 | D:5      | Killed Sigmund
  1407 | D:5      | Reached skill level 13 in Axes
  1501 | D:6      | Found Fuhaawk's Assorted Antiques.
  1508 | D:6      | Bought 3 scrolls of teleportation for 225 gold pieces
  1508 | D:6      | Bought a scroll labelled GIPEILL MEWI for 25 gold pieces
  1561 | D:6      | Found Isuangol's Armour Boutique.
  1701 | D:7      | Found Nab Ana's Self-Published Books.
  1719 | D:7      | Noticed a hornet
  1730 | D:7      | Paralysed by a hornet for 3 turns
  1734 | D:7      | Killed a hornet
  1735 | D:7      | Reached skill level 14 in Axes
  1853 | D:7      | Found Ubruax's Book Shop.
  1952 | D:8      | Reached XP level 10. HP: 75/77 MP: 11/11
  2037 | D:8      | HP: 2/77 [killer bee (4)]
  2085 | D:9      | Noticed Maggie
  2095 | D:9      | Killed Maggie
  2096 | D:9      | Reached skill level 15 in Axes
  2160 | D:9      | Found a staircase to the Lair.
  2262 | D:9      | Noticed a two-headed ogre
  2297 | D:9      | Killed a two-headed ogre
  2298 | D:9      | Reached skill level 16 in Axes
  2298 | D:9      | Reached skill level 1 in Dodging
  2339 | D:10     | Entered Level 10 of the Dungeon
  2404 | D:10     | Found a staircase to the Orcish Mines.
  2529 | D:10     | Noticed a manticore
  2549 | D:10     | Killed a manticore
  2558 | D:10     | Noticed a tengu warrior
  2581 | D:10     | HP: 1/80 [tengu warrior/+0 long sword (6)]
  2584 | D:10     | Killed a tengu warrior
  2585 | D:10     | Reached skill level 5 in Fighting
  2585 | D:10     | Reached skill level 5 in Armour
  2585 | D:10     | Reached XP level 11. HP: 1/88 MP: 12/12
  2602 | D:10     | HP: 2/88 [slime creature (11)]
  2828 | D:10     | Noticed a brown ugly thing
  2828 | D:10     | Noticed a purple ugly thing
  2851 | D:10     | Killed a purple ugly thing
  2866 | D:10     | HP: 4/89 [purple ugly thing (4)]
  2869 | D:10     | HP: 1/89 [purple ugly thing (2)]
  2870 | D:10     | Mangled by a purple ugly thing

Illustrated notes

Levels and vault maps discovered:
D:1:      heliophobic_arrival_battle_scene, layout_basic, basic_ecumenical_altar
D:2:      layout_basic, minmay_crystal_room, uniq_terence
D:3:      layout_basic, minmay_misc_feat_five
D:4:      layout_basic, gammafunk_ghost_split, uniq_robin, uniq_menkaure
D:5:      layout_basic, uniq_grinder, uniq_eustachio, uniq_sigmund
D:6:      layout_basic, minmay_temple_entry_fiery, serial_shops,
          nicolae_shop_window_shopping, nicolae_shop_crystal, shop, shop
D:7:      layout_cave_pools, nicolae_hepliaklqana_hippocampus, serial_shops,
          nicolae_shop_waterfront, nicolae_custom_books, kennysheep_crisscross,
          dreamdust_wishing_well
D:8:      layout_loops_ring
D:9:      minmay_octagon_keep, layout_basic, demons_altar, minmay_librarian,
          uniq_maggie
D:10:     minmay_shrinking_squares, layout_basic, david_orc_3, serial_shops,
          nicolae_shop_tiny_waterfront

Skill      XL: |  1  2  3  4  5  6  7  8  9 10 11 |
---------------+----------------------------------+-----
Axes           | 3 4 5 7 8 9 11 14 16 | 16.0
Dodging        | 3 4 |  4.3
Fighting       | 5 |  5.8
Armour         | 5 |  5.6
Shields        | 4 |  4.5

Action                     |  1- 3 |  4- 6 |  7- 9 | 10-12 || total
---------------------------+-------+-------+-------+-------++-------
  Melee: War axe           |    34 |    67 |   136 |   173 ||   410
  Throw: Dart              |       |       |       |     1 ||     1
  Evoke: Wand              |       |       |       |     2 ||     2
    Use: Scroll            |     2 |       |    10 |     3 ||    15
         Potion            |     1 |     1 |     4 |     2 ||     8
 Armour: Scale mail        |    17 |       |       |       ||    17
         Ring mail         |     2 |    54 |   108 |    83 ||   247
         Plate armour      |       |       |       |    54 ||    54
  Dodge: Dodged            |    19 |    31 |    48 |    70 ||   168
  Block: Buckler           |     9 |     8 |    32 |    50 ||    99

Table legend: (Time is in decaauts)
 A = Elapsed time spent in this place.
 B = Non-inter-level travel time spent in this place.
 C = Inter-level travel time spent in this place.
 D = Time resting spent in this place.
 E = Time spent auto-exploring this place.
 F = Levels seen in this place.
 G = Mean time per level.
                   A        B        C        D        E       F      G
               +--------+--------+--------+--------+--------+-----+--------+
         Total |   2869 |   2717 |    152 |    310 |   1089 |  10 |  286.9 |
       Dungeon |   2869 |   2717 |    152 |    310 |   1089 |  10 |  286.9 |
               +--------+--------+--------+--------+--------+-----+--------+

Top non-repeatable levels by time:
    D:10: 508 daAuts
     D:5: 397 daAuts
     D:7: 344 daAuts
     D:6: 292 daAuts
     D:4: 278 daAuts
     D:9: 265 daAuts
     D:2: 265 daAuts
     D:3: 253 daAuts
     D:8: 232 daAuts
     D:1: 31 daAuts
